 Dungeon Crawl Stone Soup version 0.28.0-45-g0d030f2227 (webtiles) character file.

Game seed: 14621772301694756717

105 Descartes the Ruffian (level 4, -13/44 HPs)
             Began as a Troll Delver on Apr 13, 2022.
             Mangled by an orc warrior
             ... wielding a +0 war axe
              (17 damage)
             ... on level 5 of the Dungeon.
             The game lasted 00:00:58 (204 turns).

Descartes the Ruffian (Troll Delver)                 Turns: 204, Time: 00:00:59

Health: -13/44     AC:  4    Str: 20    XL:     4   Next: 54%
Magic:  4/4        EV:  9    Int:  8    God:
Gold:   15         SH:  0    Dex: 11    Spells: 5/5 levels left

rFire   . . .      SeeInvis .     - Unarmed
rCold   . . .      Faith    .   (no shield)
rNeg    . . .      Spirit   .   a - +0 robe
rPois   .          Reflect  .   (helmet restricted)
rElec   .          Harm     .   (no cloak)
rCorr   .          Rampage  .   (gloves unavailable)
Will    .....                   (boots unavailable)
Stlth   ++........              (no amulet)
HPRegen 0.94/turn               (no ring)
MPRegen 0.09/turn               (no ring)

@: no status effects
A: large, unfitting armour, claws 3, regeneration 1, shaggy fur 1, tough skin 1
a: no special abilities


You were on level 5 of the Dungeon.
You visited 1 branch of the dungeon, and saw 1 of its levels.

You collected 15 gold pieces.

Inventory:

Armour
 a - a +0 robe (worn)
Wands
 f - a wand of digging (3)
Scrolls
 b - a scroll of fog
 c - a scroll of magic mapping
 d - a scroll of fear
Potions
 e - a potion of haste


   Skills:
 - Level 2.4 Fighting
 - Level 1.5 Dodging
 - Level 2.7 Stealth
 + Level 2.9 Unarmed Combat
 + Level 1.1 Spellcasting
 + Level 1.3 Translocations
 + Level 1.3 Transmutations


You had 5 spell levels left.
You didn't know any spells.
Your spell library contained the following spells:

 Spells                   Type           Power      Damage    Failure   Level
 Ozocubu's Armour         Ice            0%         N/A       75%         3
 Ozocubu's Refrigeration  Ice            0%         4d5       100%        7


Dungeon Overview and Level Annotations

Branches:
Dungeon (5/15)
 Temple: D:4-7

Altars:


Innate Abilities, Weirdness & Mutations

You are too large for most types of armour.
You have claws for hands.
Your natural rate of healing is unusually fast.
You are covered in fur. (AC +1)
You have tough skin. (AC +1)


Message History

The orc hits you with a +0 hand axe.
You claw the orc!
You kill the orc!
You completely miss the orc warrior. The orc barely misses you.
The orc warrior closely misses you.
You scratch the orc warrior.
The orc warrior is lightly wounded.
The orc closely misses you.
The orc warrior hits you with a +0 war axe.
You scratch the orc warrior but do no damage.
The orc warrior is lightly wounded.
The orc hits you with a +0 club.
The orc warrior hits you with a +0 war axe.
You scratch the orc warrior.
The orc warrior is moderately wounded.
The orc warrior hits you with a +0 war axe!
You closely miss the orc warrior.
The orc warrior is moderately wounded.
The orc hits you with a +0 club. The orc hits you but does no damage.
The orc warrior barely misses you.
Unknown command.
You scratch the orc warrior but do no damage.
The orc warrior is moderately wounded.
The orc hits you with a +0 club. The orc closely misses you.
The orc warrior hits you with a +0 war axe!
* * * LOW HITPOINT WARNING * * *
You closely miss the orc warrior.
The orc warrior is moderately wounded.
The orc hits you but does no damage. The orc barely misses you.
The orc warrior hits you with a +0 war axe.
* * * LOW HITPOINT WARNING * * *
Unknown command.
You claw the orc warrior!
The orc warrior is severely wounded.
The orc hits you with a +0 club.
* * * LOW HITPOINT WARNING * * *
The orc hits you with a +0 flail.
* * * LOW HITPOINT WARNING * * *
The orc warrior hits you with a +0 war axe!
You die...

####### #.. ..#
#.# #.#
...####.###.###
.........†..oo#
###.###.###.#@#
#.# #.#o# #.#
#..{#
#.#.......oo...
#.#....?.......
#†#............
#.#.......?....
#.###+#########
#.# #.#


You could see an orc warrior and 2 orcs.

Vanquished Creatures
  3 orc wizards (D:5)
  An iguana (D:5)
  An adder (D:5)
  2 orcs (D:5)
7 creatures vanquished.

Notes
Turn   | Place    | Note
-------+----------+-------------------------------------------
     0 | D:5      | Descartes the Troll Delver began the quest for the Orb.
     0 | D:5      | Reached XP level 1. HP: 22/22 MP: 0/0
     6 | D:5      | Noticed an orc wizard
     8 | D:5      | Noticed an orc wizard
    10 | D:5      | Noticed an orc wizard
    21 | D:5      | Killed an orc wizard
    22 | D:5      | Reached XP level 2. HP: 29/29 MP: 1/1
    36 | D:5      | Reached XP level 3. HP: 21/36 MP: 2/2
    54 | D:5      | Reached skill level 1 in Translocations
    54 | D:5      | Reached skill level 1 in Transmutations
    55 | D:5      | Reached XP level 4. HP: 9/44 MP: 2/4
   127 | D:5      | Reached skill level 1 in Spellcasting
   190 | D:5      | Noticed an orc warrior
   204 | D:5      | Mangled by an orc warrior

Illustrated notes

Levels and vault maps discovered:
D:5:      layout_basic, lemuel_mausoleum_altar_yredelemnul

Skill      XL: |  1  2  3  4 |
---------------+-------------+-----
Translocations | 1 |  1.3
Transmutations | 1 |  1.3
Spellcasting   | 1 |  1.1
Fighting       | |  2.4
Dodging        | |  1.5
Stealth        | |  2.7
Unarmed Combat | |  2.9

Action                   |  1- 3 |  4- 6 || total
-------------------------+-------+-------++-------
Melee: Unarmed           |    34 |    23 ||    57
 Stab: Sleeping          |       |     1 ||     1
Armor: Robe              |    14 |     2 ||    16
Dodge: Dodged            |     5 |    10 ||    15
